Map: Estação Proxima LE

Players

picur

  • Race: Zerg Zerg
  • League: Master
  • Spawn Location: 1:00

TheZergLord - Winner!

  • Race: Zerg Zerg
  • League: Grandmaster
  • Spawn Location: 7:00

VOD

Have the link to the VOD?

Description

Time

  • Played on: June 12, 2017, 1:36 p.m.
  • Length: 8:25
Show
View Real Time Build Order
Export as new Build Order

picur Zerg 

Build Orders: Hatch First 

Get SALT Encoding   

  12  0:01  Drone  
  13  0:13  Overlord  
  13  0:18  Drone  
  14  0:31  Drone x2  
  14  0:35  Drone  
  17  0:56  Drone  
  18  0:58  Hatchery  
  18  1:01  Drone  
  18  1:06  Extractor  
  17  1:18  Spawning Pool  
  17  1:19  Drone  
  17  1:27  Drone  
  17  1:32  Drone  
  19  1:43  Drone  
  20  1:50  Overlord  
  20  2:05  Queen  
  22  2:10  Queen  
  22  2:12  Metabolic Boost  
  22  2:14  Zergling x6  
  27  2:23  Drone x2  
  29  2:30  Baneling Nest  
  29  2:35  Drone x2  
  30  2:42  Drone  
  32  2:44  Drone  
  31  2:56  Drone x2  
  33  3:10  Drone x2  
  35  3:14  Hatchery  
  35  3:19  Drone x2  
  35  3:20  Overlord  
  35  3:30  Zergling x2  
  36  3:39  Zergling x12  
  40  3:52  Baneling  
  40  3:53  Baneling  
  39  3:56  Zergling x8  
  43  4:17  Drone  
  43  4:18  Overlord x3  
  44  4:29  Baneling  
  44  4:30  Baneling x3  
  44  4:32  Queen  
  44  4:36  Zergling x6  
  44  4:37  Zergling x4  
  51  4:39  Zergling x4  
  46  5:05  Drone  
  46  5:06  Drone x7  
  53  5:07  Roach Warren, Evolution Chamber  
  53  5:11  Spine Crawler  
  50  5:16  Zergling x6  
  50  5:17  Spine Crawler  
  50  5:20  Zergling x2  
  53  5:23  Spine Crawler  
  52  5:33  Zergling x6  
  54  5:42  Zergling x8  
  56  5:43  Zergling x4  
  53  5:53  Baneling x4  
  53  5:54  Roach x3  
  53  5:55  Roach x3  
  52  6:15  Roach x4  
  52  6:20  Baneling  
  52  6:21  Baneling  
  52  6:22  Baneling  
  52  6:23  Roach  
  52  6:24  Roach  
  56  6:26  Zergling x2  
  57  6:39  Zergling x4  
  60  6:40  Zergling x8  
  63  6:47  Zergling x6  
  63  6:53  Baneling  
  63  6:54  Baneling  
  66  6:56  Overlord  
  66  7:04  Zergling x2  
  59  7:30  Zergling x2  
  59  7:31  Zergling x24  
  67  7:42  Ravager  
  66  7:56  Zergling x8  
  69  8:01  Ravager  
  69  8:04  Zergling x8  
  69  8:05  Zergling x4  
Show
View Real Time Build Order
Export as new Build Order

TheZergLord Zerg - Winner!

Build Orders: Hatch First 

Get SALT Encoding   

  12  0:00  Drone  
  13  0:13  Overlord  
  13  0:17  Drone  
  14  0:31  Drone  
  14  0:32  Drone  
  14  0:34  Drone  
  17  0:53  Hatchery  
  17  0:56  Drone  
  17  0:59  Drone  
  18  1:11  Extractor  
  17  1:14  Spawning Pool  
  17  1:18  Drone  
  17  1:21  Drone  
  18  1:28  Drone  
  19  1:39  Overlord  
  19  2:01  Queen  
  19  2:02  Zergling x4  
  19  2:06  Queen  
  19  2:07  Drone  
  26  2:11  Drone  
  26  2:12  Metabolic Boost  
  27  2:22  Drone x2  
  29  2:31  Drone  
  29  2:34  Drone  
  31  2:44  Hatchery  
  28  2:51  Baneling Nest  
  28  2:54  Zergling x4  
  28  2:56  Drone  
  30  3:00  Zergling x2  
  30  3:02  Drone  
  32  3:19  Drone x4  
  36  3:39  Overlord x2  
  36  3:42  Roach Warren  
  36  3:43  Overlord  
  36  3:44  Drone  
  34  3:58  Zergling x8  
  34  3:59  Zergling x10  
  43  4:09  Queen  
  45  4:22  Roach x6  
  57  4:29  Roach x2  
  61  4:32  Roach  
  61  4:36  Roach  
  65  4:38  Overlord  
  65  4:41  Overlord  
  51  5:03  Queen  
  54  5:07  Zergling x14  
  54  5:08  Zergling x4  
  54  5:10  Zergling x4  
  54  5:11  Zergling x2  
  65  5:18  Zergling x2  
  65  5:19  Zergling x6  
  69  5:21  Baneling  
  69  5:22  Baneling  
  69  5:23  Baneling  
  69  5:31  Zergling x8  
  70  5:49  Drone x5  
  67  5:50  Drone x3  
  60  6:14  Drone x5  
  60  6:18  Drone x3  
  65  6:28  Drone  
  65  6:29  Drone x2  
  65  6:32  Extractor x2  
  66  6:33  Evolution Chamber  
  66  6:34  Extractor  
  66  6:35  Roach  
  62  6:40  Roach x2  
  62  6:46  Roach x2  
  70  6:50  Roach  
  70  6:54  Overlord  
  72  6:59  Overlord x2  
  72  7:02  Roach x3  
  72  7:03  Roach  
  80  7:14  Roach x4  
  85  7:28  Roach x2  
  85  7:29  Roach x6  
  86  7:38  Roach x4  
  86  7:39  Roach x2  
  92  7:47  Roach x3  
  98  7:59  Roach x2  
  98  8:00  Roach x2  
  98  8:03  Overlord x2  
Tags
 
Add a new tag
Caveats
  • Supply blocks, unpowered buildings, or Contaminate may cause inaccurate times.
  • Supply counts are checked every 10 seconds.